 Dungeon Crawl Stone Soup version 0.21-a0-352-g5b8f553 (webtiles) character file.

45 Dfrag the Firebug (level 3, -3/24 HPs)
             Began as a Demonspawn Fire Elementalist on Oct 10, 2017.
             Succumbed to Jessica's poison
             ... on level 2 of the Dungeon.
             The game lasted 00:01:22 (907 turns).

Dfrag the Firebug (Demonspawn Fire Elementalist)     Turns: 907, Time: 00:01:23

Health: -3/24      AC:  2    Str:  8    XL:     3   Next: 42%
Magic:  0/6        EV: 12    Int: 17    God:
Gold:   49         SH:  0    Dex: 13    Spells: 6/7 levels left

rFire    + . .     SeeInvis .   (no weapon)
rCold    + . .     Gourm    .   (no shield)
rNeg     . . .     Faith    .   g - +0 robe {rC+ rF+}
rPois    .         Spirit   .   (no helmet)
rElec    .         Reflect  .   (no cloak)
rCorr    .         Harm     .   (no gloves)
MR       .....                  (no boots)
Stlth    +.........             h - amulet of rage
HPRegen  0.08/turn              j - ring of loudness (curse)
MPRegen  0.10/turn              (no ring)

@: lethally poisoned (-3 -> -43), slowed, very slow
A: claws 2
a: Evoke Berserk Rage


You were on level 2 of the Dungeon.
You were not hungry.

You visited 1 branch of the dungeon, and saw 2 of its levels.

You collected 49 gold pieces.

Inventory:

Armour
 a - a +0 robe
 g - a +0 robe of resistance (worn)
Jewellery
 h - an amulet of rage (around neck)
 j - a cursed ring of loudness (left claw)
Scrolls
 f - a scroll of remove curse {unknown}
Books
 b - a book of Flames

   Spells                             Type                      Level
   a - Flame Tongue                   Conjuration/Fire             1
   b - Throw Flame                    Conjuration/Fire             2
   c - Conjure Flame                  Conjuration/Fire             3
   d - Inner Flame                    Hexes/Fire                   3
   e - Sticky Flame                   Conjuration/Fire             4
   f - Fireball                       Conjuration/Fire             5
Comestibles
 c - a bread ration
 d - a royal jelly
 i - 3 fruits


   Skills:
 - Level 1.7 Dodging
 - Level 1.7 Stealth
 + Level 2.6 Spellcasting
 + Level 2.1 Conjurations
 + Level 3.2 Fire Magic


You had 6 spell levels left.
You knew the following spells:

 Your Spells              Type           Power        Failure   Level  Hunger
a - Flame Tongue          Conj/Fire      ##...        6%          1    #......


Dungeon Overview and Level Annotations

Branches:
Dungeon (2/15)

Altars:


Innate Abilities, Weirdness & Mutations

You have very sharp fingernails.


Message History

* * * LOW HITPOINT WARNING * * *
Jessica hits you with a dagger of venom.
* * * LOW HITPOINT WARNING * * *
You are more poisoned.
Okay, then.
Unknown command.
Casting: Flame Tongue
Confirm with . or Enter, or press ? or * to list all spells.
Aiming: Flame Tongue
Press: ? - help, Shift-Dir - straight line, f/p - Jessica
Aim: Jessica, wielding a dagger of venom and wearing a robe (heavily wounded, fast)
The flame tongue hits Jessica.
You kill Jessica!
Your Conjurations skill increases to level 2!
You have reached level 3!
Your experience leads to an increase in your attributes!
Increase (S)trength, (I)ntelligence, or (D)exterity?
You feel clever.
Your demonic ancestry asserts itself...
Your fingernails sharpen.
You die...

.####..............#
#.
.........(......#..#
#. #......@.......#
#. ##.##.......# #.
#.##...)####.# #.
#.#####.## .# #. #.#
#.?###.# ##. #)#
##.....###.. #@#
###.....#.... #.#
#....<..#.#.. #.#
#....>....##. #.#
#.........##. ...
#.......<.##. .!.
#......#####.
♣♣♣♣....##...# ##
♣.P♣ #...#
♣♣P♣P.#.##


There were no monsters in sight!

Vanquished Creatures
  Jessica (D:2)
  A dart slug (D:2)
  2 bats (D:1)
  A giant cockroach (D:2)
  A goblin (D:2)
  2 hobgoblins
  2 jackals (D:1)
  2 kobolds
  2 frilled lizards (D:1)
  3 rats (D:1)
17 creatures vanquished.

Notes
Turn   | Place    | Note
-------+----------+-------------------------------------------
     0 | D:1      | Dfrag the Demonspawn Fire Elementalist began the quest for the Orb.
     0 | D:1      | Reached XP level 1. HP: 13/13 MP: 3/3
   180 | D:1      | Gained mutation: You have sharp fingernails. [demonic ancestry]
   180 | D:1      | Reached XP level 2. HP: 17/19 MP: 0/5
   664 | D:2      | Reached skill level 3 in Fire Magic
   877 | D:2      | Noticed Jessica
   907 | D:2      | Killed Jessica
   907 | D:2      | Gained mutation: You have very sharp fingernails. [demonic ancestry]
   907 | D:2      | Reached XP level 3. HP: 1/24 MP: 0/6
   907 | D:2      | Succumbed to Jessica's poison

Vault maps used:
D:1:      evilmike_arrival_crescent
D:2:      old_standard_altar, serial_forest, infiniplex_forest_end_double,
          infiniplex_forest_clump_cross, infiniplex_forest_end_2,
          infiniplex_forest_clump_long, infiniplex_forest_lined_2,
          infiniplex_forest_clump_small, infiniplex_forest_clump_long,
          uniq_jessica

Skill      XL: |  1  2 |
---------------+-------+-----
Fire Magic     | 3 |  3.2
Conjurations   | 2 |  2.1
Dodging        | |  1.7
Stealth        | |  1.7
Spellcasting   | |  2.6

Action                   || total
-------------------------++-------
Melee: Unarmed           ||    21
 Cast: Flame Tongue      ||    28
  Use: Potion            ||     1
Armor: Robe              ||     7
Dodge: Dodged            ||    25

Table legend:
 A = Spawn XP
 B = Non-spawn XP
 C = Spawn XP percentage of total XP
 D = Spawn monster count
 E = Non-spawn monster count
 F = Spawn count percentage of total count
 G = Total turns spent on level
                    A         B        C        D         E        F      G
               +---------+---------+-------+---------+---------+-------+---------
         Total |       0 |      65 |   0.0 |       0 |      17 |   0.0 |   907
               +---------+---------+-------+---------+---------+-------+---------
           D:1 |       0 |      17 |   0.0 |       0 |      11 |   0.0 |   561
           D:2 |       0 |      48 |   0.0 |       0 |       6 |   0.0 |   346
               +---------+---------+-------+---------+---------+-------+---------
